 Dungeon Crawl Stone Soup version 0.29-a0-308-g4e025c60ea (webtiles) character file.

Game seed: 2162789217835347612

53 Flugkiller the Caller (level 3, 0/26 HPs)
             Began as a Gnoll Summoner on Mar 28, 2022.
             Slain by a gnoll
             ... wielding a +0 spear
              (4 damage)
             ... on level 2 of the Dungeon.
             The game lasted 00:02:23 (1660 turns).

Flugkiller the Caller (Gnoll Summoner)              Turns: 1660, Time: 00:02:24

Health: 0/26       AC:  2    Str:  7    XL:     3   Next: 89%
Magic:  5/9        EV: 13    Int: 22    God:
Gold:   74         SH:  0    Dex: 12    Spells: 8/12 levels left

rFire   . . .      SeeInvis .   g - +0 dagger
rCold   . . .      Faith    .   (no shield)
rNeg    + . .      Spirit   .   a - +0 robe
rPois   .          Reflect  .   (no helmet)
rElec   .          Harm     .   (no cloak)
rCorr   .          Rampage  .   (no gloves)
Will    .....                   (no boots)
Stlth   ++........              (no amulet)
HPRegen 0.08/turn               m - +6 ring of intelligence
MPRegen 0.11/turn               j - ring of positive energy

@: no status effects
A: fangs 1, strong nose, distributed training
a: no special abilities


You were on level 2 of the Dungeon.
You visited 1 branch of the dungeon, and saw 2 of its levels.

You collected 74 gold pieces.

Inventory:

Hand Weapons
 g - a +0 dagger (weapon)
   (You took it off a kobold on level 1 of the Dungeon)
Armour
 a - a +0 robe (worn)
Jewellery
 j - a ring of positive energy (right hand)
   (You found it on level 1 of the Dungeon)
 m - a +6 ring of intelligence (left hand)
   (You found it on level 2 of the Dungeon)
Scrolls
 d - a scroll of vulnerability {unknown}
 i - a scroll of fear {unknown}
 k - a scroll of amnesia {unknown}
Potions
 b - a potion of magic
 c - 5 potions of curing {unknown}
 e - a potion of cancellation {unknown}
 f - a potion of ambrosia {unknown}
 h - a potion of flight {unknown}
 l - a potion of mutation {unknown}


   Skills:
 + Level 1.0 Fighting
 + Level 1.0 Short Blades
 + Level 1.0 Long Blades
 + Level 1.0 Axes
 + Level 1.0 Maces & Flails
 + Level 1.0 Polearms
 + Level 1.0 Staves
 + Level 1.0 Slings
 + Level 1.0 Bows
 + Level 1.0 Crossbows
 + Level 1.0 Throwing
 + Level 1.0 Armour
 + Level 4.6 Dodging
 + Level 4.2 Stealth
 + Level 1.0 Shields
 + Level 1.0 Unarmed Combat
 + Level 5.0 Spellcasting
 + Level 0.7 Conjurations
 + Level 0.7 Hexes
 + Level 7.1 Summonings
 + Level 0.7 Necromancy
 + Level 0.7 Translocations
 + Level 0.7 Transmutations
 + Level 0.7 Fire Magic
 + Level 0.7 Ice Magic
 + Level 0.7 Air Magic
 + Level 0.7 Earth Magic
 + Level 0.7 Poison Magic
 + Level 1.0 Invocations
 + Level 1.0 Evocations


You had 8 spell levels left.
You knew the following spells:

 Your Spells              Type           Power      Damage    Failure   Level
a - Summon Small Mammal   Summ           100%       N/A       1%          1
c - Call Canine Familiar  Summ           36%        N/A       1%          3

Your spell library contained the following spells:

 Spells                   Type           Power      Damage    Failure   Level
 Call Imp                 Summ           36%        N/A       1%          2
 Summon Guardian Golem    Hex/Summ       22%        N/A       6%          3
 Summon Lightning Spire   Summ/Air       22%        N/A       21%         4


Dungeon Overview and Level Annotations

Branches:
Dungeon (2/15)

Altars:


Innate Abilities, Weirdness & Mutations

You have very sharp teeth.
Your uncanny sense of smell can sniff out nearby items.
Your experience applies equally to all skills.


Message History

There is a stone staircase leading down here.
There is a stone staircase leading down here.
You climb downwards.
Level annotation: exclusion: 3 gnolls
There is a stone staircase leading up here.
Unknown command.
There is a stone staircase leading up here.
You climb upwards.
There is a stone staircase leading down here.
This spell is dangerous to cast!
Memorise Call Canine Familiar, consuming 3 spell levels and leaving 8?
You start memorising the spell.
You continue memorising. x3
You finish memorising.
Spell assigned to 'b'.
Okay, then.
You climb downwards.
Level annotation: exclusion: 3 gnolls
There is a stone staircase leading up here.
Partly explored, can't reach some items and places.
Partly explored, can't reach some items and places.
Adjust (i)tems, (s)pells, or (a)bilities?
Adjust which spell? b - Call Canine Familiar Adjust to which letter? c - Call Canine Familiar Unknown command.
Casting: Summon Small Mammal (safe; 1% risk of failure)
Confirm with . or Enter, or press ? or * to list all spells.
Partly explored, can't reach some items and places.
Partly explored, can't reach some items and places.
m - a +6 ring of intelligence You feel clever.
m - a +6 ring of intelligence (left hand)
j - a ring of positive energy (right hand) Unknown command.
You swap places.
c - 5 white potions (gained 2)
You swap places.
Your hound disappears in a puff of smoke!
You see here a +0 dagger.
You now have 74 gold pieces (gained 13).
Magic restored.
You see here a +0 dagger.
A gnoll is nearby!
A gnoll is nearby!
A gnoll is nearby!
A gnoll is nearby!
Casting: Call Canine Familiar (safe; 1% risk of failure)
Confirm with . or Enter, or press ? or * to list all spells.
The gnoll shouts!
Your wolf barely misses the gnoll.
Your wolf bites the gnoll!
Your wolf bites the gnoll.
The gnoll dies!
Your Fighting skill increases to level 1!
Your Short Blades skill increases to level 1!
Your Long Blades skill increases to level 1!
Your Axes skill increases to level 1!
Your Maces & Flails skill increases to level 1!
Your Polearms skill increases to level 1!
Your Staves skill increases to level 1!
Your Slings skill increases to level 1!
Your Bows skill increases to level 1!
Your Crossbows skill increases to level 1!
Your Throwing skill increases to level 1!
Your Armour skill increases to level 1!
Your Shields skill increases to level 1!
Your Unarmed Combat skill increases to level 1!
Your Evocations skill increases to level 1!
No target in view!
No target in view!
You swap places.
You see here a +0 spear.
The gnoll shouts!
A gnoll is nearby!
A gnoll is nearby!
You see here 28 stones.
Casting: Call Canine Familiar (safe; 1% risk of failure)
Confirm with . or Enter, or press ? or * to list all spells.
Your wolf disappears in a puff of smoke!
Your hound barely misses the gnoll.
Your hound completely misses the gnoll.
Your hound barely misses the gnoll.
Your hound closely misses the gnoll.
The gnoll hits you with a +0 spear.
You completely miss the gnoll.
Your hound barely misses the gnoll.
The gnoll hits you with a +0 spear.
Your hound bites the gnoll.
You hit the gnoll. Your punch misses the gnoll.
The gnoll is lightly wounded.
Your hound bites the gnoll but does no damage.
The gnoll hits you with a +0 spear!
You closely miss the gnoll.
The gnoll is lightly wounded.
Your hound bites the gnoll.
The gnoll hits you with a +0 spear.
* * * LOW HITPOINT WARNING * * *
You hit the gnoll but do no damage.
The gnoll is moderately wounded.
Your hound bites the gnoll but does no damage.
Your hound barely misses the gnoll.
The gnoll hits you with a +0 spear.
* * * LOW HITPOINT WARNING * * *
Unknown command.
Your hound closely misses the gnoll.
The gnoll hits you from afar with a +0 spear.
You die...

####.................##.....♣♣P♣♣
#...........)......#.###..#.♣♣♣♣♣
####........#..........##.#...#♣♣
#........#...).......#......♣♣
#........#......###.....#....♣
##....##.###.................♣
#....##.#....#.#..#....#.....
#....##...#..#.#.###....#.#..
#.........#.@#.(.....<.......
###....###..#...g......#..#...#
#....)...........h........###..
###...............#####........
##....#..........# ##.......
#.............##.# #.#.....
#.......##...###... ..#.....
#.<..#.###...# ##... ..#.....
######..###.... ..## #.#.....


You could see a gnoll (ally target) and a friendly hound (summoned).

Vanquished Creatures
  2 gnolls
  A ball python (D:1)
  A bat (D:2)
  2 giant cockroaches (D:2)
  A goblin (D:1)
  A kobold (D:1)
  3 rats
11 creatures vanquished.

Vanquished Creatures (collateral kills)
  A gnoll (D:2)
  A ball python (D:1)
  A bat (D:1)
  An endoplasm (D:1)
  A hobgoblin (D:1)
  3 jackals (D:1)
  A frilled lizard (D:1)
  2 kobolds
  A rat (D:1)
12 creatures vanquished.

Grand Total: 23 creatures vanquished

Notes
Turn   | Place    | Note
-------+----------+-------------------------------------------
     0 | D:1      | Flugkiller the Gnoll Summoner began the quest for the Orb.
     0 | D:1      | Reached XP level 1. HP: 13/13 MP: 6/6
   286 | D:1      | Found a faded altar of an unknown god.
   301 | D:1      | Reached XP level 2. HP: 11/19 MP: 2/7
  1056 | D:2      | Reached skill level 5 in Spellcasting
  1056 | D:2      | Reached XP level 3. HP: 25/25 MP: 5/9
  1415 | D:1      | Reached skill level 1 in Invocations
  1580 | D:1      | Learned a level 3 spell: Call Canine Familiar
  1645 | D:2      | Reached skill level 1 in Fighting
  1645 | D:2      | Reached skill level 1 in Short Blades
  1645 | D:2      | Reached skill level 1 in Long Blades
  1645 | D:2      | Reached skill level 1 in Axes
  1645 | D:2      | Reached skill level 1 in Maces & Flails
  1645 | D:2      | Reached skill level 1 in Polearms
  1645 | D:2      | Reached skill level 1 in Staves
  1645 | D:2      | Reached skill level 1 in Slings
  1645 | D:2      | Reached skill level 1 in Bows
  1645 | D:2      | Reached skill level 1 in Crossbows
  1645 | D:2      | Reached skill level 1 in Throwing
  1645 | D:2      | Reached skill level 1 in Armour
  1645 | D:2      | Reached skill level 1 in Shields
  1645 | D:2      | Reached skill level 1 in Unarmed Combat
  1645 | D:2      | Reached skill level 1 in Evocations
  1660 | D:2      | Slain by a gnoll

Illustrated notes

Levels and vault maps discovered:
D:1:      dpeg_arrival_short_road, layout_loops_ring,
          hellmonk_ecumenical_altar_dog_temple
D:2:      layout_rooms, serial_bayou_crossing

Skill      XL: |  1  2  3 |
---------------+----------+-----
Spellcasting   | 5 |  5.0
Invocations    | 1 |  1.0
Fighting       | 1 |  1.0
Short Blades   | 1 |  1.0
Long Blades    | 1 |  1.0
Axes           | 1 |  1.0
Maces & Flails | 1 |  1.0
Polearms       | 1 |  1.0
Staves         | 1 |  1.0
Slings         | 1 |  1.0
Bows           | 1 |  1.0
Crossbows      | 1 |  1.0
Throwing       | 1 |  1.0
Armour         | 1 |  1.0
Shields        | 1 |  1.0
Unarmed Combat | 1 |  1.0
Evocations     | 1 |  1.0
Dodging        | |  4.6
Stealth        | |  4.2
Conjurations   | |  0.7
Hexes          | |  0.7
Summonings     | |  7.1
Necromancy     | |  0.7
Translocations | |  0.7
Transmutations | |  0.7
Fire Magic     | |  0.7
Ice Magic      | |  0.7
Air Magic      | |  0.7
Earth Magic    | |  0.7
Poison Magic   | |  0.7

Action                   || total
-------------------------++-------
Melee: Dagger            ||    56
       Unarmed           ||     2
       Punch             ||     1
       Bite              ||     3
 Cast: Summon Small Mamm ||    50
       Call Canine Famil ||     3
 Stab: Sleeping          ||     2
Armor: Robe              ||    13
Dodge: Dodged            ||    47

Table legend: (Time is in decaauts)
 A = Elapsed time spent in this place.
 B = Non-inter-level travel time spent in this place.
 C = Inter-level travel time spent in this place.
 D = Time resting spent in this place.
 E = Time spent auto-exploring this place.
 F = Levels seen in this place.
 G = Mean time per level.
                   A        B        C        D        E       F      G
               +--------+--------+--------+--------+--------+-----+--------+
         Total |   1675 |   1622 |     53 |    508 |    680 |   2 |  837.5 |
       Dungeon |   1675 |   1622 |     53 |    508 |    680 |   2 |  837.5 |
               +--------+--------+--------+--------+--------+-----+--------+

Top non-repeatable levels by time:
     D:1: 1257 daAuts
     D:2: 418 daAuts
